 Dungeon Crawl Stone Soup version 0.29-a0-757-g358383bc75 (webtiles) character file.

Game seed: 17962921382300306974

79 xian the Slasher (level 4, -5/32 HPs)
             Began as a Demonspawn Wanderer on June 30, 2022.
             Slain by a gnoll
             ... wielding a +2 flail of holy wrath
              (7 damage)
             ... on level 3 of the Dungeon.
             The game lasted 00:07:26 (2106 turns).

xian the Slasher (Demonspawn Wanderer)              Turns: 2106, Time: 00:07:27

Health: -5/32      AC:  4    Str: 14    XL:     4   Next: 17%
Magic:  7/7        EV: 11    Int: 20    God:
Gold:   104        SH:  4    Dex: 12    Spells: 6/7 levels left

rFire   . . .      SeeInvis .   n - +4 dagger of Gravity {freeze, +Blink Stlth+}
rCold   . . .      Faith    .   (no shield)
rNeg    . . .      Spirit   .   d - +0 robe
rPois   .          Reflect  .   h - +0 helmet
rElec   .          Harm     .   (no cloak)
rCorr   .          Rampage  .   (no gloves)
Will    .....                   b - +0 pair of boots
Stlth   +++.......              (no amulet)
HPRegen 0.10/turn               f - +6 ring of intelligence
MPRegen 0.10/turn               (no ring)

@: no status effects
A: condensation shield
a: Evoke Blink


You were on level 3 of the Dungeon.
You visited 1 branch of the dungeon, and saw 3 of its levels.

You collected 104 gold pieces.

Inventory:

Hand Weapons
 n - the +4 dagger of Gravity (weapon) {freeze, +Blink Stlth+}
   (You found it on level 2 of the Dungeon)

   It freezes those it strikes, dealing additional cold damage.
   It can also slow down cold-blooded creatures.
   +Blink:    It lets you blink.
   Stlth:     It makes you more stealthy.
Armour
 b - a +0 pair of boots (worn)
 d - a +0 robe (worn)
 h - a +0 helmet (worn)
Jewellery
 f - a +6 ring of intelligence (left hand)
Scrolls
 c - a scroll of silence
 g - a scroll of amnesia {unknown}
 i - a scroll of enchant armour {unknown}
 k - a scroll of vulnerability {unknown}
 l - 4 scrolls of identify {unknown}
 o - a scroll of enchant weapon {unknown}
 p - a scroll of magic mapping {unknown}
Potions
 a - 5 potions of curing {unknown}
 e - a potion of heal wounds {unknown}
 j - a potion of ambrosia {unknown}
 m - a potion of haste {unknown}


   Skills:
 + Level 1.6 Fighting
 + Level 3.8 Long Blades
 + Level 1.0 Throwing
 + Level 1.0 Dodging
 + Level 2.2 Stealth
 + Level 0.1 Shields
 + Level 2.2 Spellcasting
 + Level 1.2 Invocations


You had 6 spell levels left.
You knew the following spells:

 Your Spells              Type           Power      Damage    Failure   Level
a - Apportation           Tloc           4%         N/A       16%         1

Your spell library contained the following spells:

 Spells                   Type           Power      Damage    Failure   Level
 Sublimation of Blood     Necr           2%         N/A       24%         2
 Wereblood                Tmut           2%         N/A       24%         2
 Teleport Other           Tloc           2%         N/A       43%         3
 Summon Hydra             Summ           1%         N/A       100%        7


Dungeon Overview and Level Annotations

Branches:
Dungeon (3/15)

Altars:


Innate Abilities, Weirdness & Mutations

A meltable shield of frost defends you. (SH +4)


Message History

You see here a +0 club.
A kobold is nearby!
Found a murky blue potion.
A gnoll comes into view. It is wielding a +0 flail.
Found 4 stones. 2 gnolls and a bat come into view.
A gnoll is wielding a +2 flail of holy wrath.
A gnoll comes into view. It is wielding a +0 spear.
Found a book of Necromancy.
The gnoll shouts! x2; The kobold shouts!
The kobold hits you with a +0 short sword.
An endoplasm comes into view.
You closely miss the kobold.
The gnoll shouts! x2
A quokka comes into view.
The bat attacks as you move away! The bat hits you.
The bat hits you but does no damage. The kobold attacks as you move away!
The kobold misses you. The bat barely misses you.
The bat hits you but does no damage.
You closely miss the bat. You block the bat's attack.
You closely miss the kobold. The kobold barely misses you.
You hit the kobold. You freeze the kobold.
The kobold is heavily wounded.
The kobold misses you.
You puncture the kobold! You freeze the kobold.
You kill the kobold!
The bat hits you but does no damage. The bat hits you but does no damage.
The bat barely misses you. The gnoll hits you with a +0 flail!
You block the gnoll's attack.
Things that are here:
a +0 short sword; a kobold corpse You closely miss the gnoll.
The bat hits you but does no damage. The gnoll hits you with a +0 flail.
The gnoll closely misses you. The bat barely misses you.
The gnoll attacks as you move away!
The gnoll hits you with a +2 flail of holy wrath!
* * * LOW HITPOINT WARNING * * *
You convulse!
You die...

.........#
.........#
.........#
.........# #####
##### .........
#...####......
#.......##
#........#
.....!...###
#...######
.........rg###...#
........ggg@..#.##
..r...$.J#b##)#.#
.........#..#...#
................#
....g...........#
...J..(....####..
...#####... ... ..
##.. .... .....


You could see 4 gnolls, an endoplasm, a quokka and a bat.

Vanquished Creatures
  2 adders (D:2)
  2 dart slugs (D:1)
  8 ball pythons
  2 endoplasms (D:1)
  5 giant cockroaches
  6 goblins
  4 hobgoblins
  4 kobolds
  2 quokkas (D:1)
  7 bats
  4 frilled lizards
  5 rats
  A spectral goblin (D:1)
52 creatures vanquished.

Vanquished Creatures (others)
  A plant (D:1)
1 creature vanquished.

Grand Total: 53 creatures vanquished

Notes
Turn   | Place    | Note
-------+----------+-------------------------------------------
     0 | D:1      | xian the Demonspawn Wanderer began the quest for the Orb.
     0 | D:1      | xian set off with the following items: a +2 falchion, a +0
                  | pair of boots, a scroll of silence, a +0 robe; and the
                  | following spell memorised: Apportation; and the following
                  | spells available to memorise: Teleport Other.
     0 | D:1      | Reached XP level 1. HP: 15/15 MP: 3/3
    80 | D:1      | Reached skill level 3 in Long Blades
   129 | D:1      | Gained mutation: A meltable shield of frost defends you.
                  | (SH +4) [demonic ancestry]
   129 | D:1      | Reached XP level 2. HP: 9/21 MP: 5/5
   365 | D:1      | Found a faded altar of an unknown god.
   468 | D:1      | Upgraded the game from 0.29-a0-732-g3d7fbe0af2 to
                  | 0.29-a0-757-g358383bc75
   784 | D:1      | Reached XP level 3. HP: 21/26 MP: 6/6
  1529 | D:2      | Identified the +4 dagger of Gravity {freeze, +Blink Stlth+}
  1708 | D:2      | Reached XP level 4. HP: 31/32 MP: 7/7
  1773 | D:2      | Reached skill level 1 in Dodging
  2106 | D:3      | Slain by a gnoll

Illustrated notes

Levels and vault maps discovered:
D:1:      elethiomel_arrival_infinity_welcomes_careful_drivers, layout_rooms,
          serial_forest, infiniplex_forest_clump_medium,
          infiniplex_forest_straight_3, infiniplex_forest_straight_2,
          infiniplex_forest_corner_1, infiniplex_forest_3_way,
          infiniplex_forest_lined_1, infiniplex_forest_side_room,
          dreamdust_ecumenical_altar_drowned_temple, lemuel_flame_loot_1
D:2:      layout_rooms, serial_curves, eino_curves_02, eino_curves_02,
          eino_curves_03, eino_curves_03, kennysheep_potato
D:3:      layout_rooms

Skill      XL: |  1  2  3  4 |
---------------+-------------+-----
Long Blades    | 3 |  3.8
Stealth        | 2 |  2.2
Dodging        | 1 |  1.0
Fighting       | |  1.6
Throwing       | |  1.0
Shields        | |  0.1
Spellcasting   | |  2.2
Invocations    | |  1.2

Action                   |  1- 3 |  4- 6 || total
-------------------------+-------+-------++-------
Melee: Falchion          |   101 |       ||   101
       Punch             |     1 |       ||     1
       Dagger            |    25 |    18 ||    43
 Stab: Sleeping          |     1 |     3 ||     4
Armor: Robe              |    52 |     7 ||    59
Dodge: Dodged            |   101 |    13 ||   114
Block: Other             |    31 |     3 ||    34

Table legend: (Time is in decaauts)
 A = Elapsed time spent in this place.
 B = Non-inter-level travel time spent in this place.
 C = Inter-level travel time spent in this place.
 D = Time resting spent in this place.
 E = Time spent auto-exploring this place.
 F = Levels seen in this place.
 G = Mean time per level.
                   A        B        C        D        E       F      G
               +--------+--------+--------+--------+--------+-----+--------+
         Total |   2117 |   2031 |     86 |      0 |   1433 |   3 |  705.7 |
       Dungeon |   2117 |   2031 |     86 |      0 |   1433 |   3 |  705.7 |
               +--------+--------+--------+--------+--------+-----+--------+

Top non-repeatable levels by time:
     D:1: 1377 daAuts
     D:2: 710 daAuts
     D:3: 29 daAuts
